Sabres vs Flyers

Created - 28 avril 2020 at 19:30

Goals
1 2 3 T
Sabres 0 3 1 4
Flyers 0 1 1 2
Shots
1 2 3 T
Sabres 10 15 7 32
Flyers 13 11 8 32

1st period

No Goal

Penalties :
No Penalty

2nd period

1. Sabres , Joonas Donskoi 13 (Zach Hyman 26) at 8:14
2. Sabres , Andrew MacDonald 1 (Tyler Ennis 13, Erik Gudbranson 9) at 9:04
3. Sabres , Rickard Rakell 30 (Nicklas Backstrom 45) at 9:16
4. Flyers , Casey Cizikas 13 (Filip Forsberg 26, Casey DeSmith) at 10:08

Penalties :
Nikita Zadorov (PHI) for Hooking (Minor) at 14:40

3rd period

5. Sabres , Nicklas Backstrom 37 (Josh Anderson 25, Tyler Ennis 14) at 3:48
6. Flyers , Kevin Labanc 12 (Rasmus Ristolainen 21, Kevin Fiala 9) at 7:06

Penalties :
Rickard Rakell (BUF) for Holding Stick (Minor) at 10:45

Goalie Stats

Martin Jones (BUF), 30 saves from 32 shots - (0,938), W, 31-24-3, 60:00 minutes
Casey DeSmith (PHI), 28 saves from 32 shots - (0,875), L, 10-9-1, 60:00 minutes

Players Stats for Sabres

Player Name              G  A  P  +/- PIM S  H  SB GA TA FO     MP     PP MP  PK MP  
------------------------------------------------------------------------------------
Andre Burakovsky         0  0  0   1  0   1  0  0  0  0  1/3    14:19   0:52   0:43 
Andrew Copp              0  0  0   1  0   2  1  0  0  0  4/5    12:36   0:17   0:59 
Andrew MacDonald         1  0  1   1  0   1  1  3  0  0  0/0    17:40   0:48   1:15 
Ben Lovejoy              0  0  0   0  0   2  1  1  0  0  0/0    21:02   0:18   1:15 
Clayton Keller           0  0  0  -1  0   2  1  0  0  0  0/0    16:09   0:42   0:00 
Erik Gudbranson          0  1  1   1  0   0  2  2  0  1  0/0    17:13   0:30   0:44 
Ivan Provorov            0  0  0   1  0   0  0  0  0  0  0/0    20:52   0:00   0:00 
Joonas Donskoi           1  0  1   1  0   3  0  1  0  0  0/2    14:16   1:11   0:00 
Josh Anderson            0  1  1   1  0   2  1  0  1  0  2/2    11:37   0:42   0:00 
Kevin Hayes              0  0  0  -1  0   2  1  1  1  2  9/14   17:04   1:02   0:42 
Kevin Shattenkirk        0  0  0   0  0   1  1  3  0  0  0/0    20:22   1:11   0:00 
Nicklas Backstrom        1  1  2   1  0   4  0  0  2  0  12/15  16:25   0:00   0:00 
Rickard Rakell           1  0  1   1  2   3  1  1  1  0  0/1    16:56   0:00   0:00 
Ryan Murray              0  0  0   1  0   1  1  4  0  0  0/0    21:31   0:00   0:44 
Thomas Vanek             0  0  0  -1  0   3  1  0  1  0  1/1    16:01   0:28   0:00 
Tyler Ennis              0  2  2   1  0   1  0  0  0  0  0/1    12:16   0:52   0:36 
Viktor Arvidsson         0  0  0   1  0   4  1  0  3  0  0/0    16:48   0:00   0:00 
Zach Hyman               0  1  1   1  0   0  5  0  0  0  8/11   14:53   1:02   0:58 

Players Stats for Flyers

Player Name              G  A  P  +/- PIM S  H  SB GA TA FO     MP     PP MP  PK MP  
------------------------------------------------------------------------------------
Brandon Montour          0  0  0  -1  0   3  5  1  0  0  0/0    22:12   0:41   1:16 
Calle Jarnkrok           0  0  0   1  0   1  2  0  1  0  2/6    10:25   0:00   1:12 
Casey Cizikas            1  0  1  -1  0   2  1  1  0  3  2/11   13:57   0:00   0:52 
Filip Forsberg           0  1  1  -1  0   0  2  0  0  1  0/0    13:42   0:56   0:31 
Jakub Vrana              0  0  0  -1  0   1  1  0  0  0  1/2    12:21   0:00   0:00 
Kevin Fiala              0  1  1   1  0   1  0  0  1  0  0/0    10:03   0:00   0:00 
Kevin Labanc             1  0  1   1  0   1  2  0  0  1  0/0    10:19   0:00   0:40 
Leon Draisaitl           0  0  0  -1  0   4  0  1  0  0  8/22   21:04   1:03   0:00 
Martin Necas             0  0  0  -1  0   0  0  1  0  0  0/0    15:24   1:18   0:00 
Mike Matheson            0  0  0   0  0   2  0  0  0  0  0/0    20:03   0:00   1:19 
Nikita Zadorov           0  0  0  -1  2   1  1  0  0  0  0/0    16:12   0:00   0:00 
Patrick Kane             0  0  0  -1  0   6  0  0  0  0  1/1    21:04   1:03   0:00 
Rasmus Ristolainen       0  1  1  -1  0   0  2  3  0  0  0/0    23:20   1:18   1:23 
T.J. Brodie              0  0  0  -1  0   1  0  1  0  1  0/0    16:12   0:00   0:00 
Travis Konecny           0  0  0  -1  0   4  2  0  0  0  0/0    15:35   0:56   0:43 
Travis Zajac             0  0  0  -1  0   3  0  2  0  1  3/11   15:06   0:56   0:00 
Tyson Barrie             0  0  0   0  0   1  1  0  0  1  0/0    19:57   0:41   0:00 
Vincent Trocheck         0  0  0  -1  0   1  1  1  1  1  1/2    21:04   1:03   0:00 

3 Stars

1 - Nicklas Backstrom (BUF)
2 - Andrew MacDonald (BUF)
3 - Zach Hyman (BUF)

Power Play

Sabres - 0 on 1 Attempt(s) - 0,00%
Flyers - 0 on 1 Attempt(s) - 0,00%

Penalty Kill

Sabres - 1 on 1 Attempt(s) - 100,00% - Score 0 goal in Penalty Kill
Flyers - 1 on 1 Attempt(s) - 100,00% - Score 0 goal in Penalty Kill

Team Stat

Sabres - Hits : 18 - Faceoff Wins : 37 - Blocked Shots : 16 - Penalty Minutes : 2
Flyers - Hits : 20 - Faceoff Wins : 18 - Blocked Shots : 11 - Penalty Minutes : 2

Official

Referees : Graham Skiliter and Tom Chmielewski
Linesman : Brad Kovachik and Tony Sericolo

Game Notes

No Game Note

Finance

Level 1 -- Attendance: 6000 (100,00%) -- Ticket Income 570 000 $
Level 2 -- Attendance: 4924 (98,48%) -- Ticket Income 265 896 $
Level 3 -- Attendance: 2000 (100,00%) -- Ticket Income 66 000 $
Level 4 -- Attendance: 4000 (100,00%) -- Ticket Income 88 000 $
Luxury Box -- Attendance: 1000 (100,00%) -- Ticket Income 165 000 $
Game was played at the Spectrum.
Total Attendance: 17924 (99,58%)
Total Ticket Income: 1 154 896 $
Other Income: 565 899 $
Total Income: 1 720 795 $

Sabres

5 vs 5 Forward 
   Center                   Left Wing                Right Wing               Time % Phy DF OF 
 1 Nicklas Backstrom        Viktor Arvidsson         Rickard Rakell           30     0   1  4  
 2 Kevin Hayes              Clayton Keller           Thomas Vanek             27     0   1  4  
 3 Zach Hyman               Joonas Donskoi           Andre Burakovsky         23     0   2  3  
 4 Andrew Copp              Tyler Ennis              Josh Anderson            20     0   3  2  

5 vs 5 Defense 
   Defense                  Defense                                           Time % Phy DF OF 
 1 Ivan Provorov            Ryan Murray                                       38     0   3  2  
 2 Ben Lovejoy              Kevin Shattenkirk                                 35     0   3  2  
 3 Andrew MacDonald         Erik Gudbranson                                   27     0   3  2  
 4 Andrew MacDonald         Erik Gudbranson                                   0      0   3  2  

PowerPlay Forward 
   Center                   Left Wing                Right Wing               Time % Phy DF OF 
 1 Nicklas Backstrom        Josh Anderson            Viktor Arvidsson         60     0   0  5  
 2 Kevin Hayes              Rickard Rakell           Zach Hyman               40     0   0  5  

PowerPlay Defense
   Defense                  Defense                                           Time % Phy DF OF 
 1 Joonas Donskoi           Kevin Shattenkirk                                 59     0   1  4  
 2 Thomas Vanek             Ivan Provorov                                     41     0   1  4  

Penalty Kill 4 Players Forward 
   Center                   Wing                     Time % Phy DF OF 
 1 Andrew Copp              Zach Hyman               65     0   4  1  
 2 Kevin Hayes              Josh Anderson            35     1   4  0  

Penalty Kill 4 Players Defense
   Defense                  Defense                  Time % Phy DF OF 
 1 Ben Lovejoy              Andrew MacDonald         55     0   5  0  
 2 Ryan Murray              Erik Gudbranson          45     0   5  0  

Penalty Kill - 3 Players Forward 
   Forward                                           Time % Phy DF OF 
 1 Andrew Copp                                       60     0   5  0  
 2 Kevin Hayes                                       40     0   5  0  

Penalty Kill - 3 Players Defense
   Defense                  Defense                  Time % Phy DF OF 
 1 Ben Lovejoy              Andrew MacDonald         55     0   5  0  
 2 Ryan Murray              Erik Gudbranson          45     0   5  0  

4 vs 4 Forward 
   Center                   Wing                     Time % Phy DF OF 
 1 Andrew Copp              Joonas Donskoi           50     1   1  3  
 2 Kevin Hayes              Andre Burakovsky         50     1   1  3  

4 vs 4 Defense
   Defense                  Defense                  Time % Phy DF OF 
 1 Andrew MacDonald         Erik Gudbranson          50     1   2  2  
 2 Ben Lovejoy              Kevin Shattenkirk        50     1   2  2  

Last Minutes Offensive
   Center                   Left Wing                Right Wing               Defense                  Defense                  
   Nicklas Backstrom        Clayton Keller           Viktor Arvidsson         Kevin Shattenkirk        Ivan Provorov            

Last Minutes Defensive
   Center                   Left Wing                Right Wing               Defense                  Defense                  
   Kevin Hayes              Josh Anderson            Zach Hyman               Andrew MacDonald         Ivan Provorov            

Goaltenders
Starting : Martin Jones             
Backup : James Reimer             

Extra Forwards
Normal : Joonas Donskoi, Zach Hyman, Rickard Rakell - PP : Tyler Ennis, Joonas Donskoi - PK : Tyler Ennis
Extra Defensemen
Normal : Kevin Shattenkirk, Ivan Provorov, Ryan Murray - PP : Erik Gudbranson - PK : Ivan Provorov, Kevin Shattenkirk
Penalty Shots
Kevin Shattenkirk, Andrew MacDonald, Erik Gudbranson, Andrew Copp, Nicklas Backstrom
Custom OT Lines Forwards
Kevin Hayes, Nicklas Backstrom, Viktor Arvidsson, Rickard Rakell, Clayton Keller, Zach Hyman, Josh Anderson, Andre Burakovsky, Tyler Ennis, Andrew Copp
Custom OT Lines Defensemen
Kevin Shattenkirk, Ivan Provorov, Erik Gudbranson, Ryan Murray, Ben Lovejoy

Scratches
Rasmus Dahlin (Healthy), Filip Hronek (Healthy)

Flyers

5 vs 5 Forward 
   Center                   Left Wing                Right Wing               Time % Phy DF OF 
 1 Leon Draisaitl           Vincent Trocheck         Patrick Kane             38     0   3  2  
 2 Travis Zajac             Martin Necas             Travis Konecny           25     0   3  2  
 3 Casey Cizikas            Jakub Vrana              Filip Forsberg           22     0   3  2  
 4 Calle Jarnkrok           Kevin Labanc             Kevin Fiala              15     0   3  2  

5 vs 5 Defense 
   Defense                  Defense                                           Time % Phy DF OF 
 1 Rasmus Ristolainen       Brandon Montour                                   37     0   3  2  
 2 Tyson Barrie             Mike Matheson                                     34     0   3  2  
 3 Nikita Zadorov           T.J. Brodie                                       29     0   4  1  
 4 Tyson Barrie             Rasmus Ristolainen                                0      1   2  2  

PowerPlay Forward 
   Center                   Left Wing                Right Wing               Time % Phy DF OF 
 1 Leon Draisaitl           Vincent Trocheck         Patrick Kane             60     0   0  5  
 2 Travis Zajac             Filip Forsberg           Travis Konecny           40     0   0  5  

PowerPlay Defense
   Defense                  Defense                                           Time % Phy DF OF 
 1 Rasmus Ristolainen       Martin Necas                                      60     0   1  4  
 2 Tyson Barrie             Brandon Montour                                   40     0   1  4  

Penalty Kill 4 Players Forward 
   Center                   Wing                     Time % Phy DF OF 
 1 Calle Jarnkrok           Casey Cizikas            55     1   4  0  
 2 Travis Zajac             Vincent Trocheck         45     1   4  0  

Penalty Kill 4 Players Defense
   Defense                  Defense                  Time % Phy DF OF 
 1 Brandon Montour          T.J. Brodie              50     1   4  0  
 2 Nikita Zadorov           Mike Matheson            50     1   4  0  

Penalty Kill - 3 Players Forward 
   Forward                                           Time % Phy DF OF 
 1 Casey Cizikas                                     55     0   5  0  
 2 Travis Zajac                                      45     0   5  0  

Penalty Kill - 3 Players Defense
   Defense                  Defense                  Time % Phy DF OF 
 1 Brandon Montour          T.J. Brodie              50     0   5  0  
 2 Nikita Zadorov           Mike Matheson            50     0   5  0  

4 vs 4 Forward 
   Center                   Wing                     Time % Phy DF OF 
 1 Leon Draisaitl           Patrick Kane             55     0   2  3  
 2 Vincent Trocheck         Filip Forsberg           45     0   2  3  

4 vs 4 Defense
   Defense                  Defense                  Time % Phy DF OF 
 1 Rasmus Ristolainen       Brandon Montour          55     0   2  3  
 2 Tyson Barrie             T.J. Brodie              45     0   2  3  

Last Minutes Offensive
   Center                   Left Wing                Right Wing               Defense                  Defense                  
   Leon Draisaitl           Filip Forsberg           Patrick Kane             Tyson Barrie             Rasmus Ristolainen       

Last Minutes Defensive
   Center                   Left Wing                Right Wing               Defense                  Defense                  
   Leon Draisaitl           Casey Cizikas            Travis Zajac             Brandon Montour          Rasmus Ristolainen       

Goaltenders
Starting : Casey DeSmith            
Backup : Matt Murray              

Extra Forwards
Normal : Kevin Labanc, Kevin Fiala, Casey Cizikas - PP : Kevin Labanc, Kevin Fiala - PK : Filip Forsberg
Extra Defensemen
Normal : T.J. Brodie, Rasmus Ristolainen, Nikita Zadorov - PP : Mike Matheson - PK : Brandon Montour, Rasmus Ristolainen
Penalty Shots
Patrick Kane, Leon Draisaitl, Jakub Vrana, Vincent Trocheck, Casey Cizikas
Custom OT Lines Forwards
Patrick Kane, Leon Draisaitl, Filip Forsberg, Vincent Trocheck, Casey Cizikas, Martin Necas, Kevin Fiala, Jakub Vrana, Calle Jarnkrok, Travis Zajac
Custom OT Lines Defensemen
Tyson Barrie, Brandon Montour, T.J. Brodie, Mike Matheson, Nikita Zadorov

Scratches
Ryan Hitchcock (Healthy)

% Time on Ice - Sabres

Lines # - Real PCT - Wanted PCT - Time Play
Normal Forward
1 - 30% - 30% - 16:45
2 - 29% - 27% - 16:19
3 - 22% - 23% - 12:07
4 - 19% - 20% - 10:51
Normal Defense
1 - 38% - 38% - 21:01
2 - 35% - 35% - 19:39
3 - 26% - 27% - 14:48
4 - 1% - 0% - 0:34
PP Forward
1 - 0% - 60% - 0:00
2 - 100% - 40% - 1:59
PP Defense
1 - 100% - 59% - 1:59
2 - 0% - 41% - 0:00
PK Forward
1 - 100% - 65% - 1:59
2 - 0% - 35% - 0:00
PK Defense
1 - 63% - 55% - 1:15
2 - 37% - 45% - 0:44
PK3 Forward
1 - 0% - 60%
2 - 0% - 40%
PK3 Defense
1 - 0% - 55%
2 - 0% - 45%
44 Forward
1 - 0% - 50%
2 - 0% - 50%
44 Defense
1 - 0% - 50%
2 - 0% - 50%
Last Minute Offensive  - 0:00
Last Minute Defensive  - 0:00
Total
Forward - 60:00
Defense - 60:00

% Time on Ice - Flyers

Lines # - Real PCT - Wanted PCT - Time Play
Normal Forward
1 - 36% - 38% - 20:19
2 - 26% - 25% - 14:28
3 - 22% - 22% - 12:21
4 - 16% - 15% - 8:54
Normal Defense
1 - 37% - 37% - 20:34
2 - 33% - 34% - 18:43
3 - 29% - 29% - 16:12
4 - 1% - 0% - 0:33
PP Forward
1 - 53% - 60% - 1:03
2 - 47% - 40% - 0:56
PP Defense
1 - 66% - 60% - 1:18
2 - 34% - 40% - 0:41
PK Forward
1 - 100% - 55% - 1:59
2 - 0% - 45% - 0:00
PK Defense
1 - 64% - 50% - 1:16
2 - 36% - 50% - 0:43
PK3 Forward
1 - 0% - 55%
2 - 0% - 45%
PK3 Defense
1 - 0% - 50%
2 - 0% - 50%
44 Forward
1 - 0% - 55%
2 - 0% - 45%
44 Defense
1 - 0% - 55%
2 - 0% - 45%
Last Minute Offensive  - 0:00
Last Minute Defensive  - 0:00
Total
Forward - 60:00
Defense - 60:00

Play-by-Play

1st period


0:01 of 1st period - Nicklas Backstrom wins face-off versus Leon Draisaitl in neutral zone.
0:04 of 1st period - Slapshot by Viktor Arvidsson.
0:04 of 1st period - Stopped by Casey DeSmith without a rebound.
0:05 of 1st period - Nicklas Backstrom wins face-off versus Leon Draisaitl in Flyers zone.
0:14 of 1st period - Snap shot by Nicklas Backstrom.
0:14 of 1st period - Shot Misses the Net.
0:32 of 1st period - Clayton Keller is hit by Rasmus Ristolainen and loses puck.
0:39 of 1st period - Snap shot by Clayton Keller.
0:39 of 1st period - Stopped by Casey DeSmith without a rebound.
0:40 of 1st period - Zach Hyman wins face-off versus Casey Cizikas in Flyers zone.
1:05 of 1st period - Tyson Barrie is hit by Josh Anderson and loses puck.
1:33 of 1st period - Andrew MacDonald is hit by Nikita Zadorov and loses puck.
1:48 of 1st period - Snap shot by Leon Draisaitl.
1:48 of 1st period - Stopped by Martin Jones without a rebound.
1:49 of 1st period - Leon Draisaitl wins face-off versus Nicklas Backstrom in Sabres zone.
1:54 of 1st period - Wrist shot by Leon Draisaitl.
1:54 of 1st period - Shot Blocked by Andrew MacDonald.
2:24 of 1st period - Snap shot by Leon Draisaitl.
2:24 of 1st period - Deflect By Patrick Kane.
2:24 of 1st period - Deflect By Rickard Rakell.
2:24 of 1st period - Shot Misses the Net.
2:24 of 1st period - Puck is out of play.
2:25 of 1st period - Zach Hyman wins face-off versus Casey Cizikas in Sabres zone.
2:50 of 1st period - Josh Anderson is hit by Travis Konecny and loses puck.
2:57 of 1st period - Snap shot by Travis Zajac.
2:57 of 1st period - Shot Blocked by Kevin Shattenkirk.
3:03 of 1st period - Tyson Barrie is hit by Kevin Shattenkirk and loses puck.
3:55 of 1st period - Andrew MacDonald is hit by Rasmus Ristolainen and loses puck.
4:06 of 1st period - Slapshot by Tyson Barrie.
4:06 of 1st period - Stopped by Martin Jones with a rebound.
4:18 of 1st period - Wrist shot by Travis Konecny.
4:18 of 1st period - Shot Misses the Net.
4:20 of 1st period - Snap shot by Travis Konecny.
4:20 of 1st period - Shot Blocked by Andrew MacDonald.
4:46 of 1st period - Snap shot by Clayton Keller.
4:46 of 1st period - Deflect By Kevin Hayes.
4:46 of 1st period - Shot Misses the Net.
4:46 of 1st period - Puck is out of play.
4:47 of 1st period - Kevin Hayes wins face-off versus Leon Draisaitl in Flyers zone.
4:54 of 1st period - Wrist shot by Clayton Keller.
4:54 of 1st period - Shot Blocked by Rasmus Ristolainen.
4:56 of 1st period - Slapshot by Ben Lovejoy.
4:56 of 1st period - Deflect By Vincent Trocheck.
4:56 of 1st period - Stopped by Casey DeSmith without a rebound.
4:57 of 1st period - Leon Draisaitl wins face-off versus Kevin Hayes in Flyers zone.
5:12 of 1st period - Wrist shot by Leon Draisaitl.
5:12 of 1st period - Shot Blocked by Kevin Hayes.
5:20 of 1st period - Slapshot by Leon Draisaitl.
5:20 of 1st period - Stopped by Martin Jones without a rebound.
5:21 of 1st period - Zach Hyman wins face-off versus Casey Cizikas in Sabres zone.
5:26 of 1st period - Wrist shot by Filip Forsberg.
5:26 of 1st period - Shot Blocked by Ryan Murray.
6:11 of 1st period - Backhand shot by Josh Anderson.
6:11 of 1st period - Shot Misses the Net.
6:13 of 1st period - Slapshot by Ben Lovejoy.
6:13 of 1st period - Shot Blocked by Leon Draisaitl.
6:15 of 1st period - Wrist shot by Tyler Ennis.
6:15 of 1st period - Shot Misses the Net.
6:29 of 1st period - Icing by Patrick Kane.
6:30 of 1st period - Zach Hyman wins face-off versus Vincent Trocheck in Flyers zone.
7:01 of 1st period - Snap shot by Leon Draisaitl.
7:01 of 1st period - Stopped by Martin Jones with a rebound.
7:03 of 1st period - Slapshot by Brandon Montour.
7:03 of 1st period - Stopped by Martin Jones without a rebound.
7:04 of 1st period - Travis Zajac wins face-off versus Kevin Hayes in Sabres zone.
7:19 of 1st period - Slapshot by Travis Zajac.
7:19 of 1st period - Stopped by Martin Jones without a rebound.
7:20 of 1st period - Nicklas Backstrom wins face-off versus Jakub Vrana in Sabres zone.
8:38 of 1st period - Snap shot by Leon Draisaitl.
8:38 of 1st period - Shot Hit the Post.
8:40 of 1st period - Wrist shot by Vincent Trocheck.
8:40 of 1st period - Shot Misses the Net.
8:42 of 1st period - Slapshot by Vincent Trocheck.
8:42 of 1st period - Stopped by Martin Jones with a rebound.
8:44 of 1st period - Slapshot by Tyson Barrie.
8:44 of 1st period - Shot Blocked by Kevin Shattenkirk.
8:52 of 1st period - Wrist shot by Patrick Kane.
8:52 of 1st period - Stopped by Martin Jones without a rebound.
8:53 of 1st period - Kevin Hayes wins face-off versus Casey Cizikas in Sabres zone.
8:53 of 1st period - Kevin Hayes is hit by Casey Cizikas.
9:09 of 1st period - Slapshot by Filip Forsberg.
9:09 of 1st period - Shot Misses the Net.
9:12 of 1st period - Icing by Ivan Provorov.
9:13 of 1st period - Kevin Hayes wins face-off versus Travis Zajac in Sabres zone.
9:24 of 1st period - Backhand shot by Thomas Vanek.
9:24 of 1st period - Stopped by Casey DeSmith with a rebound.
9:26 of 1st period - Snap shot by Thomas Vanek.
9:26 of 1st period - Shot Blocked by Travis Zajac.
9:28 of 1st period - Wrist shot by Ryan Murray.
9:28 of 1st period - Stopped by Casey DeSmith with a rebound.
9:52 of 1st period - Wrist shot by Thomas Vanek.
9:52 of 1st period - Stopped by Casey DeSmith with a rebound.
10:18 of 1st period - Snap shot by Clayton Keller.
10:18 of 1st period - Shot Misses the Net.
10:20 of 1st period - Snap shot by Kevin Hayes.
10:20 of 1st period - Shot Blocked by Rasmus Ristolainen.
10:22 of 1st period - Wrist shot by Ivan Provorov.
10:22 of 1st period - Shot Blocked by Rasmus Ristolainen.
10:24 of 1st period - Slapshot by Kevin Hayes.
10:24 of 1st period - Stopped by Casey DeSmith without a rebound.
10:25 of 1st period - Nicklas Backstrom wins face-off versus Calle Jarnkrok in Flyers zone.
10:34 of 1st period - Slapshot by Calle Jarnkrok.
10:34 of 1st period - Stopped by Martin Jones without a rebound.
10:35 of 1st period - Calle Jarnkrok wins face-off versus Rickard Rakell in Sabres zone.
10:50 of 1st period - Icing by Kevin Shattenkirk.
10:51 of 1st period - Casey Cizikas wins face-off versus Nicklas Backstrom in Sabres zone.
11:12 of 1st period - Snap shot by Viktor Arvidsson.
11:12 of 1st period - Stopped by Casey DeSmith with a rebound.
11:44 of 1st period - Snap shot by Joonas Donskoi.
11:44 of 1st period - Deflect By Zach Hyman.
11:44 of 1st period - Shot Misses the Net.
11:44 of 1st period - Puck is out of play.
11:45 of 1st period - Casey Cizikas wins face-off versus Tyler Ennis in Flyers zone.
11:50 of 1st period - Filip Forsberg is hit by Erik Gudbranson and loses puck.
12:03 of 1st period - Icing by Mike Matheson.
12:04 of 1st period - Zach Hyman wins face-off versus Casey Cizikas in Flyers zone.
12:45 of 1st period - Slapshot by Patrick Kane.
12:45 of 1st period - Shot Misses the Net.
13:07 of 1st period - Slapshot by Rickard Rakell.
13:07 of 1st period - Shot Misses the Net.
13:23 of 1st period - Brandon Montour is hit by Clayton Keller and loses puck.
14:20 of 1st period - Snap shot by Rickard Rakell.
14:20 of 1st period - Stopped by Casey DeSmith with a rebound.
14:44 of 1st period - Snap shot by Travis Konecny.
14:44 of 1st period - Stopped by Martin Jones with a rebound.
14:56 of 1st period - Calle Jarnkrok is hit by Ryan Murray and loses puck.
15:11 of 1st period - Joonas Donskoi is hit by Kevin Labanc and loses puck.
16:30 of 1st period - Wrist shot by Nicklas Backstrom.
16:30 of 1st period - Stopped by Casey DeSmith without a rebound.
16:31 of 1st period - Andre Burakovsky wins face-off versus Leon Draisaitl in Flyers zone.
16:40 of 1st period - Wrist shot by Leon Draisaitl.
16:40 of 1st period - Shot Blocked by Joonas Donskoi.
16:50 of 1st period - Brandon Montour is hit by Zach Hyman and loses puck.
18:07 of 1st period - Wrist shot by Leon Draisaitl.
18:07 of 1st period - Stopped by Martin Jones with a rebound.
18:13 of 1st period - Snap shot by Patrick Kane.
18:13 of 1st period - Stopped by Martin Jones without a rebound.
18:14 of 1st period - Kevin Hayes wins face-off versus Casey Cizikas in Sabres zone.
18:29 of 1st period - Slapshot by Casey Cizikas.
18:29 of 1st period - Stopped by Martin Jones with a rebound.
18:46 of 1st period - Snap shot by Nicklas Backstrom.
18:46 of 1st period - Shot Misses the Net.
19:22 of 1st period - Jakub Vrana is hit by Erik Gudbranson.
Goals for this period are 0 for Sabres vs 0 for Flyers.
Shots for this period are 10 for Sabres vs 13 for Flyers.

2nd period


0:01 of 2nd period - Kevin Hayes wins face-off versus Leon Draisaitl in neutral zone.
0:12 of 2nd period - Vincent Trocheck is hit by Ben Lovejoy and loses puck.
0:38 of 2nd period - Wrist shot by Josh Anderson.
0:38 of 2nd period - Shot Misses the Net.
0:54 of 2nd period - Backhand shot by Rickard Rakell.
0:54 of 2nd period - Shot Blocked by T.J. Brodie.
0:56 of 2nd period - Slapshot by Ryan Murray.
0:56 of 2nd period - Deflect By Nicklas Backstrom.
0:56 of 2nd period - Shot Misses the Net.
0:56 of 2nd period - Puck is out of play.
0:57 of 2nd period - Kevin Hayes wins face-off versus Casey Cizikas in Flyers zone.
1:00 of 2nd period - Wrist shot by Kevin Hayes.
1:00 of 2nd period - Stopped by Casey DeSmith with a rebound.
1:24 of 2nd period - Rickard Rakell is hit by Brandon Montour.
1:50 of 2nd period - Snap shot by Andrew Copp.
1:50 of 2nd period - Stopped by Casey DeSmith without a rebound.
1:51 of 2nd period - Josh Anderson wins face-off versus Leon Draisaitl in Flyers zone.
2:04 of 2nd period - Slapshot by Josh Anderson.
2:04 of 2nd period - Stopped by Casey DeSmith with a rebound.
2:06 of 2nd period - Wrist shot by Kevin Shattenkirk.
2:06 of 2nd period - Stopped by Casey DeSmith with a rebound.
2:37 of 2nd period - Snap shot by Rickard Rakell.
2:37 of 2nd period - Deflect By Viktor Arvidsson.
2:37 of 2nd period - Shot Misses the Net.
2:37 of 2nd period - Puck is out of play.
2:38 of 2nd period - Nicklas Backstrom wins face-off versus Casey Cizikas in Flyers zone.
3:05 of 2nd period - Patrick Kane is hit by Zach Hyman and loses puck.
3:10 of 2nd period - Snap shot by Andre Burakovsky.
3:10 of 2nd period - Shot Blocked by Brandon Montour.
3:12 of 2nd period - Slapshot by Andre Burakovsky.
3:12 of 2nd period - Shot Misses the Net.
3:38 of 2nd period - Kevin Hayes is hit by Brandon Montour and loses puck.
4:17 of 2nd period - Wrist shot by Nicklas Backstrom.
4:17 of 2nd period - Shot Misses the Net.
4:31 of 2nd period - Slapshot by Patrick Kane.
4:31 of 2nd period - Stopped by Martin Jones with a rebound.
4:33 of 2nd period - Snap shot by Leon Draisaitl.
4:33 of 2nd period - Shot Blocked by Erik Gudbranson.
4:35 of 2nd period - Slapshot by Mike Matheson.
4:35 of 2nd period - Stopped by Martin Jones without a rebound.
4:36 of 2nd period - Leon Draisaitl wins face-off versus Kevin Hayes in Sabres zone.
4:58 of 2nd period - Slapshot by Nikita Zadorov.
4:58 of 2nd period - Stopped by Martin Jones without a rebound.
4:59 of 2nd period - Travis Zajac wins face-off versus Joonas Donskoi in Sabres zone.
5:12 of 2nd period - Snap shot by Travis Konecny.
5:12 of 2nd period - Stopped by Martin Jones with a rebound.
5:14 of 2nd period - Snap shot by Travis Zajac.
5:14 of 2nd period - Stopped by Martin Jones with a rebound.
6:16 of 2nd period - Slapshot by Travis Zajac.
6:16 of 2nd period - Deflect By Travis Konecny.
6:16 of 2nd period - Shot Blocked by Erik Gudbranson.
6:16 of 2nd period - Puck is out of play.
6:17 of 2nd period - Travis Zajac wins face-off versus Nicklas Backstrom in Sabres zone.
6:24 of 2nd period - Wrist shot by Martin Necas.
6:24 of 2nd period - Shot Blocked by Ryan Murray.
6:26 of 2nd period - Slapshot by Nikita Zadorov.
6:26 of 2nd period - Shot Blocked by Rickard Rakell.
6:28 of 2nd period - Slapshot by T.J. Brodie.
6:28 of 2nd period - Stopped by Martin Jones with a rebound.
6:30 of 2nd period - Snap shot by Travis Zajac.
6:30 of 2nd period - Stopped by Martin Jones with a rebound.
6:42 of 2nd period - Viktor Arvidsson is hit by Travis Konecny and loses puck.
7:01 of 2nd period - Slapshot by Travis Zajac.
7:01 of 2nd period - Shot Blocked by Ryan Murray.
7:03 of 2nd period - Wrist shot by Travis Zajac.
7:03 of 2nd period - Shot Blocked by Ryan Murray.
7:05 of 2nd period - Slapshot by Mike Matheson.
7:05 of 2nd period - Deflect By Viktor Arvidsson.
7:05 of 2nd period - Stopped by Martin Jones without a rebound.
7:06 of 2nd period - Leon Draisaitl wins face-off versus Andre Burakovsky in Sabres zone.
7:15 of 2nd period - Snap shot by Andre Burakovsky.
7:15 of 2nd period - Stopped by Casey DeSmith with a rebound.
7:17 of 2nd period - Slapshot by Ben Lovejoy.
7:17 of 2nd period - Stopped by Casey DeSmith without a rebound.
7:18 of 2nd period - Andrew Copp wins face-off versus Leon Draisaitl in Flyers zone.
7:45 of 2nd period - Thomas Vanek is hit by Kevin Labanc and loses puck.
8:14 of 2nd period - Wrist shot by Joonas Donskoi.
8:14 of 2nd period - Goal by Joonas Donskoi - Sabres : 1 - Flyers : 0.
8:15 of 2nd period - Vincent Trocheck wins face-off versus Andre Burakovsky in neutral zone.
9:04 of 2nd period - Snap shot by Andrew MacDonald.
9:04 of 2nd period - Goal by Andrew MacDonald - Sabres : 2 - Flyers : 0.
9:05 of 2nd period - Nicklas Backstrom wins face-off versus Leon Draisaitl in neutral zone.
9:14 of 2nd period - Snap shot by Viktor Arvidsson.
9:14 of 2nd period - Stopped by Casey DeSmith without a rebound.
9:15 of 2nd period - Nicklas Backstrom wins face-off versus Leon Draisaitl in Flyers zone.
9:16 of 2nd period - Slapshot by Rickard Rakell.
9:16 of 2nd period - Goal by Rickard Rakell - Sabres : 3 - Flyers : 0.
9:17 of 2nd period - Zach Hyman wins face-off versus Leon Draisaitl in neutral zone.
10:08 of 2nd period - Snap shot by Casey Cizikas.
10:08 of 2nd period - Goal by Casey Cizikas - Sabres : 3 - Flyers : 1.
10:09 of 2nd period - Josh Anderson wins face-off versus Leon Draisaitl in neutral zone.
10:14 of 2nd period - Snap shot by Andrew Copp.
10:14 of 2nd period - Stopped by Casey DeSmith with a rebound.
10:16 of 2nd period - Slapshot by Ivan Provorov.
10:16 of 2nd period - Shot Blocked by Vincent Trocheck.
10:34 of 2nd period - Ivan Provorov is hit by Brandon Montour and loses puck.
10:59 of 2nd period - Slapshot by Zach Hyman.
10:59 of 2nd period - Shot Misses the Net.
11:01 of 2nd period - Slapshot by Ben Lovejoy.
11:01 of 2nd period - Deflect By Joonas Donskoi.
11:01 of 2nd period - Stopped by Casey DeSmith with a rebound.
11:14 of 2nd period - Icing by Calle Jarnkrok.
11:15 of 2nd period - Nicklas Backstrom wins face-off versus Calle Jarnkrok in Flyers zone.
11:24 of 2nd period - Snap shot by Rickard Rakell.
11:24 of 2nd period - Stopped by Casey DeSmith without a rebound.
11:25 of 2nd period - Nicklas Backstrom wins face-off versus Leon Draisaitl in Flyers zone.
12:40 of 2nd period - Ryan Murray is hit by Vincent Trocheck and loses puck.
13:12 of 2nd period - Wrist shot by Patrick Kane.
13:12 of 2nd period - Stopped by Martin Jones with a rebound.
13:18 of 2nd period - Leon Draisaitl is hit by Viktor Arvidsson and loses puck.
13:23 of 2nd period - Slapshot by Rickard Rakell.
13:23 of 2nd period - Deflect By Nicklas Backstrom.
13:23 of 2nd period - Stopped by Casey DeSmith with a rebound.
14:40 of 2nd period - Minor Penalty to Nikita Zadorov for Hooking.
14:41 of 2nd period - Calle Jarnkrok wins face-off versus Kevin Hayes in Flyers zone.
14:45 of 2nd period - Wrist shot by Kevin Hayes.
14:45 of 2nd period - Shot Blocked by Casey Cizikas.
15:36 of 2nd period - Rasmus Ristolainen is hit by Zach Hyman and loses puck.
16:40 of 2nd period - Penalty to Nikita Zadorov is over, Nikita Zadorov is back on ice.
17:07 of 2nd period - Icing by Kevin Hayes.
17:08 of 2nd period - Andrew Copp wins face-off versus Travis Zajac in Sabres zone.
17:24 of 2nd period - Clayton Keller is hit by Filip Forsberg and loses puck.
17:36 of 2nd period - Icing by Tyson Barrie.
17:37 of 2nd period - Andrew Copp wins face-off versus Travis Zajac in Flyers zone.
18:10 of 2nd period - Wrist shot by Josh Anderson.
18:10 of 2nd period - Stopped by Casey DeSmith without a rebound.
18:11 of 2nd period - Thomas Vanek wins face-off versus Calle Jarnkrok in Flyers zone.
18:40 of 2nd period - Icing by Joonas Donskoi.
18:41 of 2nd period - Jakub Vrana wins face-off versus Joonas Donskoi in Sabres zone.
18:58 of 2nd period - Slapshot by Jakub Vrana.
18:58 of 2nd period - Stopped by Martin Jones without a rebound.
18:59 of 2nd period - Kevin Hayes wins face-off versus Travis Zajac in Sabres zone.
Goals for this period are 3 for Sabres vs 1 for Flyers.
Shots for this period are 15 for Sabres vs 11 for Flyers.

3rd period


0:01 of 3rd period - Kevin Hayes wins face-off versus Travis Zajac in neutral zone.
0:04 of 3rd period - Travis Zajac is hit by Kevin Hayes and loses puck.
0:50 of 3rd period - Snap shot by Jakub Vrana.
0:50 of 3rd period - Shot Blocked by Ben Lovejoy.
0:52 of 3rd period - Snap shot by Filip Forsberg.
0:52 of 3rd period - Shot Blocked by Kevin Shattenkirk.
1:41 of 3rd period - Icing by Thomas Vanek.
1:42 of 3rd period - Leon Draisaitl wins face-off versus Kevin Hayes in Sabres zone.
1:55 of 3rd period - Wrist shot by Leon Draisaitl.
1:55 of 3rd period - Shot Misses the Net.
2:37 of 3rd period - Snap shot by Joonas Donskoi.
2:37 of 3rd period - Stopped by Casey DeSmith with a rebound.
2:51 of 3rd period - Erik Gudbranson is hit by Brandon Montour and loses puck.
3:30 of 3rd period - Wrist shot by Martin Necas.
3:30 of 3rd period - Shot Misses the Net.
3:32 of 3rd period - Slapshot by Brandon Montour.
3:32 of 3rd period - Shot Misses the Net.
3:48 of 3rd period - Snap shot by Nicklas Backstrom.
3:48 of 3rd period - Goal by Nicklas Backstrom - Sabres : 4 - Flyers : 1.
3:49 of 3rd period - Kevin Hayes wins face-off versus Leon Draisaitl in neutral zone.
3:54 of 3rd period - Wrist shot by Clayton Keller.
3:54 of 3rd period - Deflect By Thomas Vanek.
3:54 of 3rd period - Stopped by Casey DeSmith with a rebound.
4:26 of 3rd period - Slapshot by Travis Konecny.
4:26 of 3rd period - Stopped by Martin Jones without a rebound.
4:27 of 3rd period - Leon Draisaitl wins face-off versus Zach Hyman in Sabres zone.
4:54 of 3rd period - Jakub Vrana is hit by Andrew Copp and loses puck.
5:12 of 3rd period - Icing by Brandon Montour.
5:13 of 3rd period - Nicklas Backstrom wins face-off versus Travis Zajac in Flyers zone.
5:14 of 3rd period - Snap shot by Viktor Arvidsson.
5:14 of 3rd period - Shot Blocked by Martin Necas.
5:16 of 3rd period - Snap shot by Nicklas Backstrom.
5:16 of 3rd period - Shot Misses the Net.
5:24 of 3rd period - Wrist shot by Viktor Arvidsson.
5:24 of 3rd period - Shot Blocked by Travis Zajac.
5:26 of 3rd period - Slapshot by Nicklas Backstrom.
5:26 of 3rd period - Deflect By Viktor Arvidsson.
5:26 of 3rd period - Stopped by Casey DeSmith without a rebound.
5:27 of 3rd period - Patrick Kane wins face-off versus Zach Hyman in Flyers zone.
5:42 of 3rd period - Wrist shot by Patrick Kane.
5:42 of 3rd period - Stopped by Martin Jones with a rebound.
5:44 of 3rd period - Snap shot by Patrick Kane.
5:44 of 3rd period - Stopped by Martin Jones with a rebound.
6:22 of 3rd period - Snap shot by Josh Anderson.
6:22 of 3rd period - Shot Misses the Net.
6:42 of 3rd period - Slapshot by Nicklas Backstrom.
6:42 of 3rd period - Stopped by Casey DeSmith without a rebound.
6:43 of 3rd period - Nicklas Backstrom wins face-off versus Calle Jarnkrok in Flyers zone.
6:52 of 3rd period - Slapshot by Brandon Montour.
6:52 of 3rd period - Stopped by Martin Jones with a rebound.
6:54 of 3rd period - Slapshot by Brandon Montour.
6:54 of 3rd period - Stopped by Martin Jones with a rebound.
7:04 of 3rd period - Snap shot by Kevin Fiala.
7:04 of 3rd period - Stopped by Martin Jones with a rebound.
7:06 of 3rd period - Backhand shot by Rasmus Ristolainen.
7:06 of 3rd period - Deflect By Kevin Labanc.
7:06 of 3rd period - Goal by Kevin Labanc - Sabres : 4 - Flyers : 2.
7:07 of 3rd period - Leon Draisaitl wins face-off versus Zach Hyman in neutral zone.
7:32 of 3rd period - Casey Cizikas is hit by Thomas Vanek and loses puck.
7:47 of 3rd period - Kevin Shattenkirk is hit by Filip Forsberg and loses puck.
7:55 of 3rd period - Off-side.
7:56 of 3rd period - Zach Hyman wins face-off versus Travis Zajac in neutral zone.
8:21 of 3rd period - Ivan Provorov is hit by Brandon Montour.
8:25 of 3rd period - Snap shot by Tyler Ennis.
8:25 of 3rd period - Stopped by Casey DeSmith without a rebound.
8:26 of 3rd period - Leon Draisaitl wins face-off versus Andrew Copp in Flyers zone.
9:35 of 3rd period - Andre Burakovsky is hit by Calle Jarnkrok.
10:05 of 3rd period - Slapshot by Leon Draisaitl.
10:05 of 3rd period - Shot Misses the Net.
10:07 of 3rd period - Snap shot by Patrick Kane.
10:07 of 3rd period - Shot Misses the Net.
10:38 of 3rd period - Snap shot by Martin Necas.
10:38 of 3rd period - Shot Misses the Net.
10:40 of 3rd period - Snap shot by Martin Necas.
10:40 of 3rd period - Deflect By Travis Zajac.
10:40 of 3rd period - Shot Misses the Net.
10:40 of 3rd period - Puck is out of play.
10:41 of 3rd period - Nicklas Backstrom wins face-off versus Travis Zajac in Sabres zone.
10:45 of 3rd period - Minor Penalty to Rickard Rakell for Holding Stick.
10:46 of 3rd period - Andrew Copp wins face-off versus Leon Draisaitl in Sabres zone.
11:18 of 3rd period - Snap shot by Travis Konecny.
11:18 of 3rd period - Shot Blocked by Andrew MacDonald.
11:20 of 3rd period - Slapshot by Martin Necas.
11:20 of 3rd period - Shot Misses the Net.
11:22 of 3rd period - Slapshot by Travis Konecny.
11:22 of 3rd period - Stopped by Martin Jones with a rebound.
11:48 of 3rd period - Brandon Montour is hit by Zach Hyman and loses puck.
12:45 of 3rd period - Penalty to Rickard Rakell is over, Rickard Rakell is back on ice.
14:20 of 3rd period - Joonas Donskoi is hit by Calle Jarnkrok and loses puck.
15:18 of 3rd period - Rasmus Ristolainen is hit by Andrew MacDonald and loses puck.
15:33 of 3rd period - Rasmus Ristolainen is hit by Rickard Rakell and loses puck.
16:06 of 3rd period - Clayton Keller is hit by Tyson Barrie and loses puck.
16:28 of 3rd period - Vincent Trocheck is hit by Zach Hyman and loses puck.
17:06 of 3rd period - Ivan Provorov is hit by Jakub Vrana and loses puck.
18:09 of 3rd period - Snap shot by Clayton Keller.
18:09 of 3rd period - Stopped by Casey DeSmith without a rebound.
18:10 of 3rd period - Zach Hyman wins face-off versus Casey Cizikas in Flyers zone.
Goals for this period are 1 for Sabres vs 1 for Flyers.
Shots for this period are 7 for Sabres vs 8 for Flyers.